Map: Incorporeal LE

Players

STZsOs (sOs) - Winner!

  • Race: Protoss Protoss
  • Spawn Location: 11:00

Shino

  • Race: Zerg Zerg
  • Spawn Location: 5:00

Event: HomeStory Cup XXVII

VOD

Have the link to the VOD?

Description

Time

  • Played on: June 28, 2025, 11:32 a.m.
  • Length: 5:38

All games in this series

Show
View Real Time Build Order
Export as new Build Order

STZsOs Protoss - Winner!

Build Orders: 1 Gate Expand, Oracle Opening 

Get SALT Encoding   

  12  0:00  Probe  
  13  0:12  Probe  
  14  0:20  Pylon  
  14  0:25  Probe  
  15  0:34  Probe  
  15  0:41  Gateway  
  15  0:42  Probe  
  17  0:51  Assimilator  
  17  0:52  Probe  
  18  1:04  Probe  
  19  1:16  Probe  
  20  1:26  Nexus  
  20  1:38  Cybernetics Core  
  20  1:41  Probe  
  21  1:47  Assimilator  
  21  1:53  Probe  
  22  1:55  Pylon  
  22  2:04  Adept  
  22  2:06  Probe  
  25  2:18  Probe  
  25  2:19  Stargate  
  26  2:24  Adept  
  26  2:30  Probe  
  26  2:31  Warp Gate  
  29  2:40  Probe  
  29  2:42  Probe  
  31  2:52  Probe  
  31  2:54  Oracle, Probe, Adept  
  35  3:04  Probe  
  39  3:09  Probe  
  40  3:13  Pylon  
  40  3:16  Probe  
  41  3:23  Oracle  
  41  3:24  Probe  
  42  3:28  Probe  
  44  3:37  Adept  
  44  3:38  Probe  
  44  3:40  Probe  
  46  3:41  Gateway  
  46  3:51  Probe  
  46  3:53  Probe  
  48  4:10  Twilight Council  
  48  4:12  Pylon  
  48  4:14  Gateway  
  48  4:20  Adept  
  48  4:21  Nexus  
  48  4:22  Probe  
  49  4:24  Pylon  
  49  4:32  Probe  
  49  4:34  Probe  
  51  4:45  Adept x2  
  55  4:48  Probe x2  
  57  4:59  Oracle  
  59  5:03  Probe x2  
  59  5:06  Assimilator  
  61  5:07  Assimilator  
  61  5:10  Shield Battery, Adept x2  
  61  5:11  Shield Battery  
  65  5:14  Adept  
  65  5:17  Probe x2  
  65  5:19  Pylon  
Show
View Real Time Build Order
Export as new Build Order

Shino Zerg 

Build Orders: Hatch First 

Get SALT Encoding   

  12  0:00  Drone  
  13  0:12  Overlord  
  13  0:17  Drone  
  14  0:30  Drone x2  
  16  0:37  Drone  
  17  0:49  Hatchery  
  16  0:52  Drone  
  16  0:56  Drone  
  18  1:07  Extractor  
  17  1:11  Spawning Pool  
  17  1:14  Drone  
  17  1:19  Drone  
  18  1:28  Drone  
  19  1:39  Drone  
  20  1:49  Drone  
  21  1:56  Hatchery  
  21  2:00  Drone  
  21  2:09  Queen  
  21  2:10  Drone  
  21  2:11  Drone  
  25  2:19  Metabolic Boost  
  25  2:22  Drone  
  26  2:23  Overlord  
  26  2:34  Queen  
  28  2:42  Zergling x6  
  31  2:45  Zergling x2  
  32  2:52  Queen  
  32  2:55  Overlord  
  34  2:59  Spore Crawler  
  34  3:02  Drone  
  34  3:05  Drone  
  34  3:06  Drone  
  34  3:09  Drone  
  34  3:10  Drone  
  38  3:15  Queen  
  38  3:19  Drone  
  41  3:22  Spore Crawler  
  41  3:23  Zergling x2  
  41  3:26  Zergling x2  
  42  3:28  Drone  
  41  3:38  Drone x4  
  44  3:42  Drone  
  44  3:46  Drone x2  
  47  3:50  Drone  
  47  3:54  Overlord  
  48  3:57  Overlord  
  44  4:03  Drone x3  
  44  4:09  Drone  
  45  4:16  Roach Warren  
  44  4:17  Drone  
  44  4:19  Drone  
  45  4:24  Drone x2  
  45  4:25  Drone  
  45  4:28  Drone x2  
  50  4:35  Queen  
  50  4:36  Drone  
  54  4:38  Drone  
  54  4:42  Drone x2  
  54  4:43  Drone  
  57  4:48  Drone  
  57  4:49  Drone  
  57  4:50  Evolution Chamber  
  53  4:54  Spore Crawler  
  53  4:59  Spore Crawler  
  49  5:01  Evolution Chamber  
  49  5:02  Drone  
  49  5:03  Drone x4  
  54  5:08  Drone x3, Extractor  
  54  5:10  Drone x3  
  54  5:13  Drone x2  
  60  5:15  Drone  
  60  5:17  Zergling x4  
  60  5:20  Zergling x4  
Tags
 
Add a new tag
Caveats
  • Supply blocks, unpowered buildings, or Contaminate may cause inaccurate times.
  • Supply counts are checked every 10 seconds.